 Dungeon Crawl Stone Soup version 0.31.0-32-g396128a36d (webtiles) character file.

Game seed: 13397941815539936295

84 Heoruswealwe the Conjurer (level 4, -1/24 HPs)
             Began as a Deep Elf Conjurer on Mar 8, 2024.
             Slain by an iguana (14 damage)
             ... on level 4 of the Dungeon.
             The game lasted 00:20:34 (2211 turns).

Heoruswealwe the Conjurer (Deep Elf Conjurer)       Turns: 2211, Time: 00:20:36

Health: -1/24      AC:  2    Str:  4    XL:     4   Next: 23%
Magic:  2/12       EV: 12    Int: 25    God:
Gold:   129        SH:  0    Dex: 13    Spells: 1/12 levels left

rFire   . . .        a - +0 long sword
rCold   . . .        d - orb {light}
rNeg    . . .        c - +0 robe
rPois   .            (no helmet)
rElec   .            (no cloak)
rCorr   .            (no gloves)
SInv    .            (no boots)
Will    .....        (no amulet)
Stlth   +            (no ring)
HPRegen 0.24/turn    (no ring)
MPRegen 0.13/turn

%: no passive effects
@: glowing
A: no striking features
a: no special abilities


You were on level 4 of the Dungeon.
You visited 1 branch of the dungeon, and saw 4 of its levels.

You collected 129 gold pieces.

Inventory:

Hand Weapons
 a - a +0 long sword (weapon)
Armour
 c - a +0 robe (worn)
 d - an orb of light (worn)
 f - a +0 robe
 g - a +0 robe
 h - a +0 robe
 u - a +0 robe
Wands
 q - a wand of light (3)
 v - a wand of polymorph (5)
Scrolls
 e - 3 scrolls of teleportation
 j - a scroll of blinking {unknown}
 m - 2 scrolls of identify {unknown}
 t - 2 scrolls of immolation {unknown}
Potions
 b - a potion of magic
 i - a potion of attraction {unknown}
 k - a potion of curing {unknown}
 l - 2 potions of brilliance {unknown}
 n - 2 potions of mutation {unknown}
 o - a potion of heal wounds {unknown}
 p - a potion of haste {unknown}
 r - a potion of ambrosia {unknown}
 s - a potion of invisibility {unknown}


   Skills:
 - Level 2.4 Dodging
 - Level 2.4 Stealth
 + Level 4.8 Spellcasting
 + Level 5.4 Conjurations


You had one spell level left.
You knew the following spells:

 Your Spells              Type           Power      Damage    Failure   Level
a - Magic Dart            Conj           100%       1d8       1%          1
b - Foxfire               Conj/Fire      76%        2x1d7     2%          1
c - Searing Ray           Conj           66%        2d6       1%          2
d - Dazzling Flash        Conj/Hex       38%        N/A       9%          3
e - Fulminant Prism       Conj/Alch      9%         3d7       26%         4

Your spell library contained the following spells:

 Spells                   Type           Power      Damage    Failure   Level
 Fugue of the Fallen      Necr           6%         N/A       26%         3
 Ozocubu's Armour         Ice            6%         N/A       26%         3
 Tukima's Dance           Hex            6%         N/A       26%         3
 Volatile Blastmotes      Fire/Tloc      12%        2d11      26%         3
 Iskenderun's Mystic Bla  Conj/Tloc      19%        2d6       26%         4
 Dimensional Bullseye     Hex/Tloc       3%         N/A       63%         4
 Manifold Assault         Tloc           6%         N/A       63%         4
 Starburst                Conj/Fire      9%         6d5       99%         6
 Plasma Beam              Fire/Air       3%         2x1d13    100%        6
 Maxwell's Capacitive Co  Air            3%         ∞         100%        8


Dungeon Overview and Level Annotations

Branches:
Dungeon (4/15)
 Temple: D:4-7

Altars:


Message History

The jelly is almost dead.
The magic dart hits the jelly.
You kill the jelly!
You have reached level 4!
You feel clever.
This spell is astonishingly dangerous to cast!
You start memorising the spell.
You continue memorising. x4
You finish memorising.
Spell assigned to 'e'.
v - a wand of polymorph (5)
You see here a +0 leather armour.
A scorpion and an iguana come into view.
The iguana hisses angrily.
The scorpion moves out of view.
The magic dart hits the iguana but does no damage.
The magic dart hits the iguana.
The iguana is moderately wounded.
The magic dart hits the iguana but does no damage.
The iguana is moderately wounded.
The magic dart hits the iguana but does no damage.
The iguana is moderately wounded.
The iguana attacks as it pursues you! The iguana closely misses you.
There is a stone staircase leading up here.
Casting: Magic Dart (safe; 1% risk of failure)
Confirm with . or Enter, or press ? or * to list all spells.
Aiming: Searing Ray (safe; 1% risk of failure)
Press: ? - help, Shift-Dir - straight line, f/p - iguana
Aim: an iguana (moderately wounded, haloed, 87% to hit)
The searing ray hits the iguana.
The iguana is heavily wounded.
The searing ray hits the scorpion.
The scorpion is moderately wounded. (Press . to maintain the ray.)
The iguana bites you!
The searing ray hits the iguana.
The iguana is almost dead.
The searing ray hits the scorpion!
The scorpion is severely wounded.
The iguana bites you!
Ouch! That really hurt!
You die...

#...?..# ..
#......# ..
......##. .......
.....# . ####.#..##
.. #....#...##...
######......<.....#
#.@ls.....#.......#
#.####<...#.......#
... #.####........
#.## #s............
... ##.#.[.........
... #....##.......#
...
........##....#..#
...
...........#....#.
.....#...#........


You could see a scorpion and an iguana.

Vanquished Creatures
  A jelly (D:4)
  An adder (D:3)
  A dart slug (D:3)
  A ribbon worm (D:3)
  4 bats
  6 endoplasms
  2 giant cockroaches (D:2)
  3 goblins
  2 hobgoblins
  3 kobolds
  2 quokkas
  5 ball pythons
  4 frilled lizards
  2 rats
37 creatures vanquished.

Notes
Turn   | Place    | Note
-------+----------+-------------------------------------------
     0 | D:1      | Heoruswealwe the Deep Elf Conjurer began the quest for the
                  | Orb.
     0 | D:1      | Reached XP level 1. HP: 10/10 MP: 6/6
   300 | D:1      | Reached XP level 2. HP: 15/15 MP: 3/8
   303 | D:1      | Learned a level 2 spell: Searing Ray
  1156 | D:2      | Learned a level 1 spell: Foxfire
  1432 | D:2      | Reached skill level 5 in Conjurations
  1432 | D:2      | Reached XP level 3. HP: 19/19 MP: 7/10
  1436 | D:2      | Learned a level 3 spell: Dazzling Flash
  2184 | D:4      | Reached XP level 4. HP: 24/24 MP: 5/12
  2189 | D:4      | Learned a level 4 spell: Fulminant Prism
  2197 | D:4      | Noticed a scorpion
  2211 | D:4      | Slain by an iguana

Illustrated notes

Levels and vault maps discovered:
D:1:      minmay_arrival_solitary_statue, layout_basic
D:2:      cheibrodos_old_hovel, layout_loops_ring
D:3:      layout_rooms
D:4:      layout_rooms, serial_shops, nicolae_take_the_stairs

Skill      XL: |  1  2 |
---------------+-------+-----
Spellcasting   | 4 |  4.8
Conjurations   | 5 |  5.4
Dodging        | |  2.4
Stealth        | |  2.4

Action                     |  1- 3 |  4- 6 || total
---------------------------+-------+-------++-------
  Melee: Unarmed           |     6 |       ||     6
         Punch             |     1 |       ||     1
   Cast: Magic Dart        |    77 |     4 ||    81
         Searing Ray       |       |     1 ||     1
    Use: Scroll            |     2 |       ||     2
 Armour: Robe              |     5 |     2 ||     7
  Dodge: Dodged            |    11 |     1 ||    12
